[Event "Reykjavik Open 2022"]
[Site "Reykjavik"]
[Date "2022.04.08"]
[Round "4.30"]
[White "Tania, Sachdev"]
[Black "White, Nigel"]
[Result "1-0"]
[ECO "D39"]
[WhiteElo "2392"]
[BlackElo "1997"]
[Annotator "TA"]
[PlyCount "135"]
[EventDate "2022.04.06"]
[EventCountry "ISL"]
[SourceTitle "playchess.com"]
[Source "ChessBase"]
[SourceQuality "1"]
[TimeControl "40/5400+30:1800+30"]

1. d4 Nf6 2. c4 e6 3. Nf3 d5 4. Nc3 Bb4 5. Qa4+ Nc6 6. Bg5 dxc4 7. e3 Bd7 {[%emt 0:01:39][%cal Oc6d4] D39: Queen's Gambit Declined: Ragozin Defence with 5 Bg5 dxc4.} 8. Qc2 b5 9. Be2 O-O {[%emt 0:01:37] [#] The position is equal.} 10. a3 $146 ({Predecessor:} 10. O-O a6 11. a4 Rb8 12. axb5 axb5 13. Ne4 Be7 14. Bxf6 gxf6 15. b3 f5 16. Ned2 {½-½ (30) Bai,J (2556)-Christiansen,J (2525) Manavgat 2018}) 10... Bxc3+ 11. bxc3 a6 12. e4 Qe8 13. Ne5 Kh8 14. Bxf6 gxf6 15. Ng4 Qe7 16. O-O (16. e5 $11 {deserves consideration.} fxe5 17. dxe5) 16... Rg8 17. Ne3 {[%emt 0:06:02] Prevents f5.} Rg7 (17... Na5 $11) 18. f4 (18. a4 $14 {stays ahead.} Rag8 19. g3) 18... Rag8 19. Bf3 Na5 (19... e5 $5 20. Nf5 Bxf5 21. exf5 Nxd4 $1 22. cxd4 exd4 $11) 20. Qf2 c6 (20... Nb3 $15 21. Ra2 e5) 21. Qh4 $11 Re8 (21... Qd8 $11) 22. Ng4 $1 $16 e5 23. Nxf6 exd4 24. e5 (24. cxd4 $16 {Threatens to win with Rad1.} Rd8 25. Rad1) 24... Bf5 $1 $14 {[%emt 0:04:02] White must now prevent ...Rd8.} (24... dxc3 $2 25. Be4 Nb3 26. Rae1 $18) 25. cxd4 (25. Qh5 $1 $14 Bg6 26. Qh3) 25... Rd8 {[%emt 0:00:26] ...Nb3 is the strong threat.} 26. Rad1 c3 (26... Qxa3 $2 27. Nh5 Rdg8 28. Nxg7 Rxg7 29. Qd8+ Rg8 30. Qf6+ Rg7 31. Qxf5 $18) (26... Nb3 $5 27. Qh5 Bg6 $17) 27. Qe1 $1 c2 {[%emt 0:00:31] [#]} 28. Qxa5 $1 cxd1=Q (28... cxd1=R 29. Rxd1) 29. Rxd1 Rg6 $1 30. Qxa6 {[%emt 0:05:00] &Bianco is more active.} ({Much worse is} 30. Bxc6 Bc2 31. Rf1 Bd3 $11) ({White should try} 30. Qc3 $14) 30... Rxf6 (30... Bc2 $11 {keeps the balance.} 31. Rf1 Bd3) 31. exf6 $16 Qxf6 (31... Qe3+ $16 32. Kh1 Be4 33. Bxe4 Qxe4) 32. Qxc6 $18 Qe7 33. Qxb5 Bc2 34. Rf1 {[%emt 0:00:49] aiming for d5.} Rxd4 35. Qe5+ Qxe5 36. fxe5 {[%emt 0:00:02][%mdl 4096] Endgame KRB-KRB} Kg7 37. Rc1 Bb3 (37... Be4 $16 38. Rd1 Ra4 39. Bxe4 Rxe4) 38. Rc3 Be6 39. Kf2 Rh4 40. h3 Kg6 (40... Ra4 {was worth a try.} 41. Ke3 Bd7) 41. Bc6 Kf5 42. Rc5 h5 43. Ke3 {[%emt 0:03:48] Prevents Rd4.} Bb3 44. Bd7+ (44. Bf3 $142) 44... Be6 45. Bc6 (45. Bb5) 45... Bb3 $1 46. Bf3 Be6 {[%emt 0:00:59] [#]} 47. Bxh5 $1 Ra4 (47... Re4+ 48. Kf2) 48. Bg4+ Kg5 49. Bxe6 Rxa3+ 50. Kd4 fxe6 {[%emt 0:00:06] KR-KR} 51. Rc2 (51. Rc6 $142) 51... Ra4+ $2 (51... Ra1 52. Re2 Kf5 53. Rf2+ Kg5) 52. Kc5 Kf5 53. Re2 Ra5+ 54. Kd6 $1 Ra6+ {[%emt 0:00:23] [#]} 55. Ke7 $1 {[%emt 0:00:09] And now g4+ would win.} Ra7+ {[%emt 0:00:15] [#]} 56. Kf8 $1 {[%emt 0:01:48] Strongly threatening g4+.} Rb7 (56... Kf4 $142 57. Kg8 Kg3) 57. g4+ Kf4 58. Rf2+ Kxe5 59. g5 {[%emt 0:00:44] Threatening mate with g6.} Rh7 60. Rf3 Ke4 {[%emt 0:00:33] [#]} 61. g6 $1 Rh8+ 62. Kg7 Rh4 63. Ra3 {[%emt 0:00:29] White mates.} Kf5 64. Kf7 Rb4 65. Rf3+ Kg5 66. Rg3+ Kh6 67. g7 Rb7+ 68. Kf6 {[%emt 0:00:39] Weighted Error Value: White=0.22 (precise) /Black=0.26 (precise)} 1-0

[Event "Reykjavik Open 2022"]
[Site "Reykjavik"]
[Date "2022.04.08"]
[Round "4.31"]
[White "Grieve, Harry"]
[Black "Kristinsson, Ogmundur"]
[Result "1-0"]
[ECO "D02"]
[WhiteElo "2384"]
[BlackElo "1970"]
[Annotator "RC"]
[PlyCount "57"]
[EventDate "2022.04.06"]
[EventCountry "ISL"]
[SourceTitle "playchess.com"]
[Source "ChessBase"]
[SourceQuality "1"]
[TimeControl "40/5400+30:1800+30"]

1. d4 d5 2. Nf3 e6 3. c3 Nf6 4. Bg5 Be7 5. Nbd2 Ne4 6. Nxe4 dxe4 7. Bxe7 Qxe7 8. Nd2 f5 9. e3 Nd7 10. Bc4 c6 11. O-O O-O 12. f3 exf3 13. Qxf3 b5 14. Qxc6 Nb6 15. Qxb5 Rb8 16. Bb3 Bd7 17. Qe5 Kh8 18. Rxf5 Rfe8 19. Rf2 Bc6 20. Raf1 Nd7 21. Qc7 Rbc8 22. Qg3 Nf6 23. e4 e5 24. Rf5 Bxe4 25. Rxe5 Qb7 26. Nxe4 Nxe4 27. Rf7 Nxg3 28. Rxb7 Ne4 29. Rxa7 1-0

[Event "Reykjavik Open 2022"]
[Site "Reykjavik"]
[Date "2022.04.08"]
[Round "4.32"]
[White "Song, Julien"]
[Black "Khoury, Theo"]
[Result "1-0"]
[ECO "A70"]
[WhiteElo "2352"]
[BlackElo "1878"]
[Annotator "RC"]
[PlyCount "79"]
[EventDate "2022.04.06"]
[EventCountry "ISL"]
[SourceTitle "playchess.com"]
[Source "ChessBase"]
[SourceQuality "1"]
[TimeControl "40/5400+30:1800+30"]

1. d4 Nf6 2. c4 c5 3. d5 e6 4. Nc3 exd5 5. cxd5 d6 6. Nf3 g6 7. h3 Bg7 8. e4 O-O 9. Be3 b5 10. e5 dxe5 11. Bxb5 e4 12. Ne5 Ne8 13. Nc6 Qb6 14. Ne7+ Kh8 15. Nxc8 Bxc3+ 16. bxc3 Qxb5 17. Ne7 Nd6 18. Bf4 Nc4 19. O-O Nd7 20. Qb3 Qa6 21. Nc6 Rfe8 22. a4 Nde5 23. Qb5 Qb6 24. Rfb1 h5 25. Qxb6 axb6 26. Nxe5 Nxe5 27. Rxb6 Nd3 28. Bg5 c4 29. a5 Rab8 30. Rxb8 Rxb8 31. a6 Nc5 32. a7 Ra8 33. Be3 Nd7 34. Rb1 Kg7 35. Bd4+ Kf8 36. d6 Ke8 37. Rb4 Kd8 38. Rxc4 Nf8 39. Rc7 Nd7 40. c4 1-0

[Event "Reykjavik Open 2022"]
[Site "Reykjavik"]
[Date "2022.04.08"]
[Round "4.33"]
[White "Dishman, Stephen"]
[Black "Maes, Tibo"]
[Result "1-0"]
[ECO "D02"]
[WhiteElo "2332"]
[BlackElo "1918"]
[Annotator "RC"]
[PlyCount "93"]
[EventDate "2022.04.06"]
[EventCountry "ISL"]
[SourceTitle "playchess.com"]
[Source "ChessBase"]
[SourceQuality "1"]
[TimeControl "40/5400+30:1800+30"]

1. Nf3 d5 2. d4 Nf6 3. Bf4 e6 4. Nbd2 Bd6 5. Bg5 c5 6. e4 dxe4 7. Nxe4 cxd4 8. Qxd4 Be7 9. Qxd8+ Kxd8 10. O-O-O+ Bd7 11. Nd6 Bxd6 12. Bxf6+ gxf6 13. Rxd6 Ke7 14. Rd2 Rg8 15. g3 Bc6 16. Be2 Nd7 17. Re1 Nc5 18. Nd4 Ne4 19. Nxc6+ bxc6 20. Rd4 Nxf2 21. Bf3 Rac8 22. Ra4 Rc7 23. Rf1 Nh3 24. Bg2 Ng5 25. h4 h5 26. hxg5 Rxg5 27. Bf3 Rxg3 28. Bxh5 f5 29. Be2 Rg2 30. Bd3 Rg4 31. Rff4 Rxf4 32. Rxf4 Kf6 33. Kd2 Kg5 34. Ke3 Rc8 35. b4 Rh8 36. a4 Rh3+ 37. Rf3 f4+ 38. Ke2 Rh1 39. Rf1 Rh2+ 40. Rf2 Rh1 41. Rg2+ Kf6 42. b5 c5 43. a5 Ra1 44. a6 e5 45. Rg8 Ra4 46. Kf3 Rd4 47. b6 1-0

[Event "Reykjavik Open 2022"]
[Site "Reykjavik"]
[Date "2022.04.08"]
[Round "4.34"]
[White "Brunello, Marina"]
[Black "Unhjem, Bjorn Robert Lovoll"]
[Result "1-0"]
[ECO "B76"]
[WhiteElo "2352"]
[BlackElo "1911"]
[Annotator "RC"]
[PlyCount "81"]
[EventDate "2022.04.06"]
[EventCountry "ISL"]
[SourceTitle "playchess.com"]
[Source "ChessBase"]
[SourceQuality "1"]
[TimeControl "40/5400+30:1800+30"]

1. e4 c5 2. Nf3 d6 3. d4 cxd4 4. Nxd4 Nf6 5. Nc3 g6 6. Be3 Bg7 7. f3 O-O 8. Qd2 Nc6 9. O-O-O d5 10. exd5 Nxd5 11. Nxc6 bxc6 12. Bd4 Bxd4 13. Qxd4 Qa5 14. Nxd5 cxd5 15. Qxd5 Qc7 16. Qxa8 Bf5 17. Qxf8+ Kxf8 18. Bd3 Be6 19. Kb1 Qe5 20. Rde1 Qd6 21. h3 a5 22. a4 Qd5 23. b3 Qd4 24. Re4 Qc3 25. Rd1 Bd5 26. Re2 e5 27. Bb5 Be6 28. Bd7 e4 29. Bxe6 exf3 30. gxf3 fxe6 31. Rxe6 Qxf3 32. Rd3 Qf5 33. Red6 Qe4 34. R6d5 h5 35. Kb2 Qe1 36. Rc3 Qe7 37. Rxa5 Qf6 38. Rac5 g5 39. Ka2 g4 40. hxg4 hxg4 41. Rc8+ 1-0

[Event "Reykjavik Open 2022"]
[Site "Reykjavik"]
[Date "2022.04.08"]
[Round "4.35"]
[White "Cummings, David H."]
[Black "Mirza, Diana"]
[Result "1-0"]
[ECO "A33"]
[WhiteElo "2327"]
[BlackElo "1898"]
[Annotator "RC"]
[PlyCount "91"]
[EventDate "2022.04.06"]
[EventCountry "ISL"]
[SourceTitle "playchess.com"]
[Source "ChessBase"]
[SourceQuality "1"]
[TimeControl "40/5400+30:1800+30"]

1. c4 c5 2. Nf3 Nc6 3. d4 cxd4 4. Nxd4 Nf6 5. Nc3 e6 6. g3 Be7 7. Bg2 O-O 8. O-O a6 9. b3 Qc7 10. Bb2 b6 11. Rc1 Bb7 12. Nd5 Qd8 13. Nxe7+ Qxe7 14. Qd2 Rab8 15. Rfd1 Rfd8 16. e4 Qc5 17. h3 Qh5 18. Qe3 Qg6 19. Ne2 Ba8 20. g4 e5 21. Ng3 h5 22. g5 Ne8 23. h4 Qe6 24. Qf3 g6 25. Kh2 b5 26. Bh3 Qe7 27. Qe3 b4 28. f4 Nc7 29. f5 a5 30. Rd2 a4 31. Rcd1 a3 32. Bc1 Nd4 33. Ne2 gxf5 34. Nxd4 exd4 35. Rxd4 Bxe4 36. Qg3 Rbc8 37. Bf4 d5 38. Be5 Qc5 39. Bf6 Re8 40. g6 Ne6 41. cxd5 f4 42. gxf7+ Kxf7 43. dxe6+ Kxf6 44. Qxf4+ Bf5 45. Qg5+ Kxe6 46. Bxf5+ 1-0

[Event "Reykjavik Open 2022"]
[Site "Reykjavik"]
[Date "2022.04.08"]
[Round "4.36"]
[White "Steiner, Juraj"]
[Black "Heimisson, Hilmir Freyr"]
[Result "0-1"]
[ECO "E48"]
[WhiteElo "2027"]
[BlackElo "2312"]
[Annotator "RC"]
[PlyCount "80"]
[EventDate "2022.04.06"]
[EventCountry "ISL"]
[SourceTitle "playchess.com"]
[Source "ChessBase"]
[SourceQuality "1"]
[TimeControl "40/5400+30:1800+30"]

1. d4 Nf6 2. c4 e6 3. Nc3 Bb4 4. e3 O-O 5. Bd3 d5 6. cxd5 exd5 7. Nge2 Re8 8. O-O c6 9. Qc2 Bd6 10. f3 c5 11. Nb5 c4 12. Bf5 Nc6 13. Bxc8 Rxc8 14. Nxd6 Qxd6 15. Bd2 b5 16. a3 a6 17. b4 cxb3 18. Qxb3 Nd7 19. a4 b4 20. a5 Rb8 21. Nf4 Rb5 22. Rfb1 Reb8 23. Qd3 Nf8 24. Qf5 g6 25. Qd3 Ne6 26. Nxe6 Qxe6 27. e4 Qd7 28. e5 Qf5 29. Qe3 h5 30. Rc1 Nxa5 31. Bxb4 Nc4 32. Rxc4 dxc4 33. Be7 Rb1+ 34. Rxb1 Rxb1+ 35. Kf2 Rb2+ 36. Kg3 Qc2 37. Kh4 Qxg2 38. Qe4 Kh7 39. Qd5 Qxh2+ 40. Kg5 Qg3+ 0-1

[Event "Reykjavik Open 2022"]
[Site "Reykjavik"]
[Date "2022.04.08"]
[Round "4.37"]
[White "Lim, Zhuo Ren"]
[Black "Arnalds, Stefan"]
[Result "1-0"]
[ECO "E60"]
[WhiteElo "2317"]
[BlackElo "1902"]
[Annotator "RC"]
[PlyCount "70"]
[EventDate "2022.04.06"]
[EventCountry "ISL"]
[SourceTitle "playchess.com"]
[Source "ChessBase"]
[SourceQuality "1"]
[TimeControl "40/5400+30:1800+30"]

1. d4 Nf6 2. c4 g6 3. Nf3 Bg7 4. g3 O-O 5. Bg2 c5 6. O-O cxd4 7. Nxd4 Qc7 8. Nb5 Qa5 9. Bd2 Qd8 10. N1c3 a6 11. Na3 d6 12. Rc1 Nc6 13. h3 Be6 14. Be3 Rb8 15. Qd2 Qd7 16. Kh2 Ne5 17. Nd5 b5 18. Nxf6+ Bxf6 19. cxb5 axb5 20. b3 b4 21. Nc2 Nc6 22. Bxc6 Qxc6 23. Nxb4 Qb5 24. Nc6 Qh5 25. Nxb8 Bxh3 26. Rh1 Rxb8 27. Kg1 Qg4 28. Rc4 Qf5 29. f3 h5 30. Kf2 Qd7 31. Rhc1 d5 32. Rc7 Qd6 33. R1c6 Qe5 34. Bf4 Qf5 35. Qd3 Qxd3 1-0

[Event "Reykjavik Open 2022"]
[Site "Reykjavik"]
[Date "2022.04.08"]
[Round "4.38"]
[White "Collins, Adam"]
[Black "Sarkar, Justin"]
[Result "0-1"]
[ECO "C96"]
[WhiteElo "1984"]
[BlackElo "2314"]
[Annotator "ChessBase"]
[PlyCount "78"]
[EventDate "2022.04.06"]
[EventCountry "ISL"]
[SourceTitle "playchess.com"]
[Source "ChessBase"]
[SourceQuality "1"]
[TimeControl "40/5400+30:1800+30"]

1. e4 e5 2. Nf3 Nc6 3. Bb5 a6 4. Ba4 Nf6 5. O-O Be7 6. Re1 b5 7. Bb3 d6 8. c3 O-O 9. h3 Na5 10. Bc2 c5 11. d4 Nd7 12. a4 Rb8 13. Nbd2 exd4 14. cxd4 Nc6 15. Nf1 cxd4 16. Nxd4 Nxd4 17. Qxd4 Ne5 18. axb5 axb5 19. Qd1 Be6 20. Ne3 Nc4 21. b3 Bf6 22. Ra6 Qc8 23. Ra2 Nxe3 24. Bxe3 Qc3 25. Bd2 Qc6 26. Bb4 Rfd8 27. Qd2 g6 28. Rd1 Ra8 29. Ra4 Rdc8 30. Rxa8 Rxa8 31. Bxd6 Rd8 32. f4 Rxd6 33. Qxd6 Qxc2 34. f5 Bxb3 35. Rf1 Qc3 36. Qb8+ Kg7 37. fxg6 hxg6 38. Rf3 Bd4+ 39. Kh1 Qa1+ 0-1

[Event "Reykjavik Open 2022"]
[Site "Reykjavik"]
[Date "2022.04.08"]
[Round "4.39"]
[White "Balzer, Lars"]
[Black "Kolbus, Dietmar"]
[Result "1/2-1/2"]
[ECO "B26"]
[WhiteElo "2018"]
[BlackElo "2305"]
[Annotator "RC"]
[PlyCount "102"]
[EventDate "2022.04.06"]
[EventCountry "ISL"]
[SourceTitle "playchess.com"]
[Source "ChessBase"]
[SourceQuality "1"]
[TimeControl "40/5400+30:1800+30"]

1. e4 c5 2. Nc3 Nc6 3. g3 g6 4. Bg2 Bg7 5. d3 d6 6. Be3 Nf6 7. h3 e5 8. Qd2 h6 9. f4 Nd4 10. Nce2 Qe7 11. c3 Nc6 12. c4 Nd4 13. g4 Nd7 14. f5 Bf6 15. Nf3 Nxf3+ 16. Bxf3 Bh4+ 17. Kf1 Bg5 18. Nc3 Bxe3 19. Qxe3 Qh4 20. Nd5 Kd8 21. Qf2 Qxf2+ 22. Kxf2 b6 23. h4 Bb7 24. Ne3 Kc7 25. g5 h5 26. Bg2 Raf8 27. Ke2 Nb8 28. Raf1 Kd8 29. Rf2 Nc6 30. Rhf1 Nd4+ 31. Kd2 Ke7 32. Nc2 gxf5 33. Nxd4 cxd4 34. Rxf5 Bc8 35. Rf6 Be6 36. Kc2 Rfg8 37. b4 Rg6 38. a4 Rhg8 39. Kb3 Rxf6 40. Rxf6 Rg6 41. Rxg6 fxg6 42. Kc2 Bg4 43. Kd2 Kd7 44. b5 Kc7 45. Kc2 Kb7 46. Kd2 a6 47. Kc2 Ka7 48. Kd2 Kb8 49. Kc2 a5 50. Kd2 Kc7 51. Kc2 Kd8 1/2-1/2

[Event "Reykjavik Open 2022"]
[Site "Reykjavik"]
[Date "2022.04.08"]
[Round "4.41"]
[White "George Samir, David"]
[Black "Minko, Dmitry"]
[Result "0-1"]
[ECO "C54"]
[WhiteElo "2032"]
[BlackElo "2298"]
[Annotator "RC"]
[PlyCount "66"]
[EventDate "2022.04.06"]
[EventCountry "ISL"]
[SourceTitle "playchess.com"]
[Source "ChessBase"]
[SourceQuality "1"]
[TimeControl "40/5400+30:1800+30"]

1. e4 e5 2. Nf3 Nc6 3. Bc4 Bc5 4. O-O Nf6 5. d3 d6 6. c3 a6 7. a4 h6 8. Re1 O-O 9. Nbd2 Ba7 10. h3 Re8 11. b4 Be6 12. Bxe6 Rxe6 13. Bb2 Nh5 14. b5 Ne7 15. d4 Nf4 16. Nf1 Neg6 17. Ng3 d5 18. c4 dxc4 19. d5 Re8 20. Bc3 Nd3 21. Rf1 axb5 22. axb5 c6 23. bxc6 bxc6 24. dxc6 Qb6 25. Qc2 Qxc6 26. Ra5 Bc5 27. Qa2 Rxa5 28. Bxa5 Ra8 29. Nd2 Qe6 30. Qxc4 Bxf2+ 31. Rxf2 Nxf2 32. Qc3 Nd1 33. Qd3 Nf4 0-1

[Event "Reykjavik Open 2022"]
[Site "Reykjavik"]
[Date "2022.04.08"]
[Round "4.42"]
[White "Johannsdottir, Johanna Bjorg"]
[Black "Large, Peter G"]
[Result "0-1"]
[ECO "C50"]
[WhiteElo "1946"]
[BlackElo "2335"]
[Annotator "RC"]
[PlyCount "82"]
[EventDate "2022.04.06"]
[EventCountry "ISL"]
[SourceTitle "playchess.com"]
[Source "ChessBase"]
[SourceQuality "1"]
[TimeControl "40/5400+30:1800+30"]

1. e4 e5 2. Nf3 Nc6 3. Bc4 g6 4. c3 d6 5. d4 Qe7 6. Ng5 Nh6 7. O-O Bg7 8. h3 f6 9. Nf3 Nf7 10. dxe5 fxe5 11. Qd5 Ncd8 12. Be3 Ne6 13. Bb5+ Kf8 14. Ba4 Bh6 15. Nbd2 Kg7 16. b4 Rf8 17. Nh2 Nf4 18. Bxf4 Bxf4 19. Bd1 a5 20. Nc4 axb4 21. cxb4 Ng5 22. Qd3 Bxh2+ 23. Kxh2 Rf4 24. Ne3 Rxe4 25. Nd5 Qf7 26. Qg3 Ne6 27. Bb3 Nd4 28. f3 Re2 29. Bc4 Rc2 30. Rac1 Be6 31. Rxc2 Nxc2 32. Qf2 Nd4 33. Nb6 cxb6 34. Bxe6 Qxe6 35. Rc1 Qf7 36. Kh1 Rxa2 37. Qh4 Rc2 38. Rf1 Nf5 39. Qe1 Re2 40. Qd1 Ng3+ 41. Kg1 Qa2 0-1

[Event "Reykjavik Open 2022"]
[Site "Reykjavik"]
[Date "2022.04.08"]
[Round "4.43"]
[White "Doluhanova, Evgeniya"]
[Black "Baecker, Niko"]
[Result "1-0"]
[ECO "B31"]
[WhiteElo "2255"]
[BlackElo "1843"]
[Annotator "RC"]
[PlyCount "41"]
[EventDate "2022.04.06"]
[EventCountry "ISL"]
[SourceTitle "playchess.com"]
[Source "ChessBase"]
[SourceQuality "1"]
[TimeControl "40/5400+30:1800+30"]

1. e4 c5 2. Nf3 Nc6 3. Bb5 g6 4. O-O Bg7 5. Re1 b6 6. c3 Bb7 7. d4 cxd4 8. cxd4 Qc7 9. Nc3 e5 10. Nd5 Qd6 11. dxe5 Nxe5 12. Bf4 Kf8 13. Rc1 Nxf3+ 14. Qxf3 Be5 15. Bxe5 Qxe5 16. Bxd7 Rd8 17. Ba4 Kg7 18. Bb3 Ne7 19. Nxe7 Qxe7 20. Qc3+ Kf8 21. Qxh8# 1-0

[Event "Reykjavik Open 2022"]
[Site "Reykjavik"]
[Date "2022.04.08"]
[Round "4.44"]
[White "Tirziman, Rudolf"]
[Black "Valkama, Eero"]
[Result "1/2-1/2"]
[ECO "E15"]
[WhiteElo "1963"]
[BlackElo "2244"]
[Annotator "RC"]
[PlyCount "105"]
[EventDate "2022.04.06"]
[EventCountry "ISL"]
[SourceTitle "playchess.com"]
[Source "ChessBase"]
[SourceQuality "1"]
[TimeControl "40/5400+30:1800+30"]

1. d4 Nf6 2. c4 e6 3. Nf3 b6 4. g3 Ba6 5. b3 b5 6. cxb5 Bxb5 7. Bg2 d5 8. O-O Nbd7 9. Nc3 Ba6 10. Bb2 Be7 11. Rc1 O-O 12. Re1 c5 13. e4 Nxe4 14. Nxe4 dxe4 15. Rxe4 Bb7 16. Re2 Rc8 17. dxc5 Bxc5 18. Rd2 Bd5 19. Ne5 Nxe5 20. Bxd5 exd5 21. Bxe5 Qb6 22. Rdc2 Qe6 23. Rxc5 Rxc5 24. Rxc5 Qxe5 25. Rxd5 Qe7 26. h4 h6 27. Qd2 Re8 28. Rd7 Qa3 29. Qf4 Rf8 30. Qd2 Re8 31. Rd8 Rxd8 32. Qxd8+ Kh7 33. Qd3+ g6 34. Qe2 h5 35. Kg2 Kg8 36. Qd2 Kg7 37. Qd4+ Kf8 38. Qd2 a5 39. Qd8+ Kg7 40. Qd4+ Kf8 41. Qd2 Kg7 42. Kf3 Kf8 43. Ke2 Kg7 44. Qd4+ Kf8 45. Qa4 Qb2+ 46. Kf3 Qc3+ 47. Kg2 Qc5 48. Qe4 Qa3 49. Qe2 Kg7 50. f3 Kf8 51. g4 hxg4 52. fxg4 Kg7 53. Qe5+ 1/2-1/2

[Event "Reykjavik Open 2022"]
[Site "Reykjavik"]
[Date "2022.04.08"]
[Round "4.45"]
[White "Sowray, Peter J"]
[Black "Sarkisian, Arman"]
[Result "1-0"]
[ECO "E24"]
[WhiteElo "2226"]
[BlackElo "1806"]
[Annotator "RC"]
[PlyCount "59"]
[EventDate "2022.04.06"]
[EventCountry "ISL"]
[SourceTitle "playchess.com"]
[Source "ChessBase"]
[SourceQuality "1"]
[TimeControl "40/5400+30:1800+30"]

1. d4 Nf6 2. c4 e6 3. Nc3 Bb4 4. a3 Bxc3+ 5. bxc3 c5 6. f3 d6 7. e4 Nc6 8. Ne2 e5 9. d5 Na5 10. Bg5 Qd7 11. Ng3 b6 12. Bxf6 gxf6 13. Nh5 Ke7 14. Bd3 Ba6 15. O-O Rag8 16. Ra2 Bxc4 17. Bxc4 Nxc4 18. Qe2 Na5 19. f4 Rg6 20. Qf3 Qg4 21. fxe5 dxe5 22. d6+ Kxd6 23. Qd3+ Ke7 24. Rd2 Nb7 25. Ng3 Rd8 26. Nf5+ Ke8 27. Qb5+ Kf8 28. Rxd8+ Nxd8 29. g3 Qxe4 30. Qd7 1-0

[Event "Reykjavik Open 2022"]
[Site "Reykjavik"]
[Date "2022.04.08"]
[Round "4.46"]
[White "Ragnarsson, Johann"]
[Black "Mahitosh Dey"]
[Result "1/2-1/2"]
[ECO "D31"]
[WhiteElo "1919"]
[BlackElo "2176"]
[Annotator "RC"]
[PlyCount "75"]
[EventDate "2022.04.06"]
[EventCountry "ISL"]
[SourceTitle "playchess.com"]
[Source "ChessBase"]
[SourceQuality "1"]
[TimeControl "40/5400+30:1800+30"]

1. d4 d5 2. c4 e6 3. Nc3 a6 4. cxd5 exd5 5. Bf4 c6 6. e3 Bd6 7. Bxd6 Qxd6 8. Bd3 Ne7 9. Nge2 Bf5 10. O-O O-O 11. f3 Bxd3 12. Qxd3 Nd7 13. e4 Rae8 14. e5 Qg6 15. Qxg6 Nxg6 16. b4 Ne7 17. a4 Ra8 18. b5 cxb5 19. axb5 a5 20. Na4 Rfc8 21. Rfc1 b6 22. Rxc8+ Rxc8 23. Rc1 Rxc1+ 24. Nxc1 Nf5 25. Nb3 g5 26. Kf2 Kf8 27. g3 Ke7 28. Ke2 Ke6 29. Kd3 h5 30. Nd2 h4 31. g4 Ne7 32. Nf1 Ng6 33. Ne3 f6 34. exf6 Nf4+ 35. Kd2 Kxf6 36. Nf5 Ke6 37. Ng7+ Kf7 38. Nf5 1/2-1/2

[Event "Reykjavik Open 2022"]
[Site "Reykjavik"]
[Date "2022.04.08"]
[Round "4.47"]
[White "Larkin, Benjamin"]
[Black "Villiers, Thomas"]
[Result "0-1"]
[ECO "B80"]
[WhiteElo "1784"]
[BlackElo "2202"]
[Annotator "RC"]
[PlyCount "54"]
[EventDate "2022.04.06"]
[EventCountry "ISL"]
[SourceTitle "playchess.com"]
[Source "ChessBase"]
[SourceQuality "1"]
[TimeControl "40/5400+30:1800+30"]

1. e4 c5 2. Nf3 d6 3. d4 cxd4 4. Nxd4 Nf6 5. Nc3 a6 6. f3 e6 7. Be3 Be7 8. Qd2 b5 9. g4 Bb7 10. O-O-O Nc6 11. Kb1 Nd7 12. Nxc6 Bxc6 13. Bf4 Ne5 14. Bxe5 dxe5 15. Qxd8+ Bxd8 16. Ne2 Ke7 17. Ng3 Bb6 18. c4 Rhd8 19. Rxd8 Rxd8 20. cxb5 axb5 21. Be2 g6 22. Rc1 Be8 23. Rc3 Bg1 24. h3 Kf6 25. Rb3 Rb8 26. Nf1 Kg5 27. Nd2 Bc5 0-1

[Event "Reykjavik Open 2022"]
[Site "Reykjavik"]
[Date "2022.04.08"]
[Round "4.48"]
[White "Roe, Simon J"]
[Black "Jonsson, Olafur Gisli"]
[Result "1-0"]
[ECO "E09"]
[WhiteElo "2211"]
[BlackElo "1821"]
[Annotator "RC"]
[PlyCount "107"]
[EventDate "2022.04.06"]
[EventCountry "ISL"]
[SourceTitle "playchess.com"]
[Source "ChessBase"]
[SourceQuality "1"]
[TimeControl "40/5400+30:1800+30"]

1. d4 Nf6 2. Nf3 e6 3. c4 d5 4. g3 Be7 5. Bg2 O-O 6. O-O c6 7. Qc2 Nbd7 8. Nbd2 b6 9. Rd1 Bb7 10. e4 dxe4 11. Nxe4 Nxe4 12. Qxe4 Nf6 13. Qc2 Qc7 14. Bf4 Bd6 15. Bxd6 Qxd6 16. c5 Qc7 17. Rac1 b5 18. Ne5 Rad8 19. a4 a6 20. Ra1 Ra8 21. Qe2 Rfe8 22. h4 Nd5 23. Be4 Rf8 24. Bc2 f5 25. f4 g6 26. Bb3 Rfe8 27. Bxd5 exd5 28. Qd2 Kg7 29. Ra3 a5 30. axb5 cxb5 31. c6 Bc8 32. Rc3 b4 33. Rc5 Be6 34. Ra1 Reb8 35. Ra4 Kh6 36. b3 Kg7 37. Qa2 Kh6 38. Raxa5 Rxa5 39. Qxa5 Qc8 40. Qa7 Ra8 41. Qb7 Ra3 42. Qxc8 Bxc8 43. Rxd5 Rxb3 44. Kf2 Rc3 45. Rb5 b3 46. d5 Ba6 47. Rb6 Rc2+ 48. Ke3 b2 49. d6 Re2+ 50. Kf3 Rd2 51. d7 Rd5 52. Nf7+ Kg7 53. d8=Q Bb5 54. Qh8+ 1-0

[Event "Reykjavik Open 2022"]
[Site "Reykjavik"]
[Date "2022.04.08"]
[Round "4.49"]
[White "Anand, Vignesh"]
[Black "Jaksland, Tim"]
[Result "1/2-1/2"]
[ECO "A19"]
[WhiteElo "1882"]
[BlackElo "2201"]
[Annotator "RC"]
[PlyCount "89"]
[EventDate "2022.04.06"]
[EventCountry "ISL"]
[SourceTitle "playchess.com"]
[Source "ChessBase"]
[SourceQuality "1"]
[TimeControl "40/5400+30:1800+30"]

1. c4 Nf6 2. Nc3 e6 3. e4 c5 4. e5 Ng8 5. Nf3 Nc6 6. d4 cxd4 7. Nxd4 Nxe5 8. Ndb5 a6 9. Nd6+ Bxd6 10. Qxd6 f6 11. Be3 Ne7 12. Bb6 Nf5 13. Qb4 Nc6 14. Qc5 d6 15. Bxd8 dxc5 16. Bb6 Ne5 17. Bxc5 g5 18. Be2 h5 19. Ne4 Kf7 20. O-O-O b5 21. cxb5 axb5 22. Nd6+ Nxd6 23. Bxd6 Nc4 24. Kb1 Bb7 25. Bc5 Bd5 26. Rhg1 h4 27. b3 Ne5 28. Bd6 Be4+ 29. Kb2 Rhc8 30. Rd2 Bc6 31. Bxe5 fxe5 32. a3 Kf6 33. Rc1 b4 34. axb4 Bxg2 35. Rxc8 Rxc8 36. b5 Bd5 37. Rc2 Rb8 38. Rc7 e4 39. Bc4 Ke5 40. Kc3 h3 41. Rh7 g4 42. Rg7 Rf8 43. Rxg4 Rxf2 44. b6 Kd6 45. Rg7 1/2-1/2

[Event "Reykjavik Open 2022"]
[Site "Reykjavik"]
[Date "2022.04.08"]
[Round "4.50"]
[White "Popvasilev, Kaloyan"]
[Black "Herrera, Diego"]
[Result "1-0"]
[ECO "B71"]
[WhiteElo "2191"]
[BlackElo "1832"]
[Annotator "RC"]
[PlyCount "65"]
[EventDate "2022.04.06"]
[EventCountry "ISL"]
[SourceTitle "playchess.com"]
[Source "ChessBase"]
[SourceQuality "1"]
[TimeControl "40/5400+30:1800+30"]

1. e4 c5 2. Nf3 d6 3. d4 cxd4 4. Nxd4 Nf6 5. Nc3 g6 6. f4 Nc6 7. Nxc6 bxc6 8. e5 Nd7 9. exd6 exd6 10. Be3 Qe7 11. Qd2 Bg7 12. O-O-O O-O 13. Bd4 d5 14. Bxg7 Kxg7 15. Be2 Nf6 16. Bf3 Rb8 17. b3 Qa3+ 18. Kb1 Bf5 19. Ka1 a5 20. h3 a4 21. Qc1 Qb4 22. Nxa4 Ra8 23. Qb2 Qxf4 24. Rhf1 Qg3 25. Bg4 Rxa4 26. bxa4 Rb8 27. Rf3 Qd6 28. Qc3 Be4 29. Rf2 h5 30. Bf3 Rb4 31. Bxe4 Rxe4 32. Rdf1 Re6 33. Rxf6 1-0